 Dungeon Crawl Stone Soup version 0.27-a0-277-g024f7ef292 (webtiles) character file.

Game seed: 9935331450322877131

460 KristoblXynda the Slasher (level 6, -5/44 HPs)
             Began as a Vampire Gladiator on Feb 5, 2021.
             Killed from afar by Dowan (11 damage)
             ... with a shard of ice
             ... on level 4 of the Dungeon.
             The game lasted 00:03:55 (2589 turns).

KristoblXynda the Slasher (Vampire Gladiator)       Turns: 2589, Time: 00:03:56

Health: -5/44      AC:  6    Str: 20    XL:     6   Next: 78%
Magic:  6/6        EV: 14    Int: 11    God:
Gold:   142        SH:  0    Dex: 16    Spells: 5/5 levels left

rFire    . . .     SeeInvis +   a - +0 long sword
rCold    . . .     Faith    .   (no shield)
rNeg     . . .     Spirit   .   e - +0 ring mail
rPois    .         Reflect  .   c - +0 helmet
rElec    .         Harm     .   (no cloak)
rCorr    .         Rampage  .   (no gloves)
Will     .....                  (no boots)
Stlth    ..........             (no amulet)
HPRegen  0.34/turn              b - +6 ring of strength
MPRegen  0.10/turn              p - ring of flight

@: confused, berserk cooldown, regenerating quickly, slowed, very slow
A: fangs 3, see invisible, unbreathing
a: Exsanguinate, Evoke Flight


You were on level 4 of the Dungeon.
You visited 1 branch of the dungeon, and saw 4 of its levels.

You collected 142 gold pieces.

Inventory:

Hand Weapons
 a - a +0 long sword (weapon)
Missiles
 d - 3 throwing nets (quivered)
Armour
 c - a +0 helmet (worn)
 e - a +0 ring mail (worn)
Jewellery
 b - a +6 ring of strength (left hand)
 n - an uncursed ring of fire
 p - a ring of flight (right hand)
Scrolls
 g - 2 scrolls of teleportation
 h - a scroll of random uselessness {unknown}
 i - 3 scrolls of enchant armour
 m - a scroll of amnesia {unknown}
 s - a scroll of remove curse {unknown}
Potions
 f - a potion of resistance {unknown}
 j - 2 potions of attraction
 k - a potion of degeneration {unknown}
 l - a potion of curing {unknown}
 o - a potion of berserk rage
 q - a potion of might {unknown}
 r - a potion of ambrosia
 t - a potion of flight


   Skills:
 - Level 2.1 Fighting
 * Level 5.6 Long Blades
 - Level 2.0 Throwing
 + Level 2.4 Armour
 + Level 5.1 Dodging


You had 5 spell levels left.
You didn't know any spells.
Your spell library was empty.

Dungeon Overview and Level Annotations

Branches:
Dungeon (4/15)
 Temple: D:4-7

Altars:

Annotations:
D:4 Dowan


Innate Abilities, Weirdness & Mutations

Your natural rate of healing is unusually fast.
You have razor-sharp teeth.
You have supernaturally acute eyesight. (SInv)
You can survive without breathing.


Message History

Dowan blinks!
Dowan points at you and mumbles some strange words.
The shard of ice hits you!
* * * LOW HITPOINT WARNING * * *
Dowan hits you but does no damage. Dowan closely misses you.
Unknown command.
You slash Dowan!
Dowan is almost dead.
Dowan closely misses you.
Dowan mumbles some strange words.
Dowan blinks!
It was a potion of ambrosia.
You are confused.
You feel invigorated.
Dowan points at you and mumbles some strange words.
The shard of ice hits you!
* * * LOW HITPOINT WARNING * * *
Dowan casts a spell at you. The shard of ice hits you!
You die...

#......###..#.#.##
#>................
#.................
########....#.#.##
########## #........##
..........#########......
#............)............
#.?...(.....####..........
#...e...ยง@..# #.####+####
#......>....# #......#
#...........# ########
#...........#
#..........## #..........#
#..........# #..........#
######.#####


You could see Dowan (fast, invisible).

Vanquished Creatures
  Duvessa (D:4)
  A bullfrog (D:3)
  A hound (D:4)
  An orc priest (D:3)
  A centaur skeleton (D:4)
  An orc wizard (D:3)
  A worker ant (D:4)
  7 adders
  A worm (D:3)
  3 dart slugs
  A leopard gecko (D:1)
  4 orcs
  A ball python (D:1)
  19 bats
  3 giant cockroaches
  8 goblins
  11 hobgoblins
  4 jackals (D:3)
  2 quokkas
  A frilled lizard (D:2)
  3 kobolds (D:3)
  10 rats
85 creatures vanquished.

Notes
Turn   | Place    | Note
-------+----------+-------------------------------------------
     0 | D:1      | KristoblXynda the Vampire Gladiator began the quest for the
                  | Orb.
     0 | D:1      | Reached XP level 1. HP: 16/16 MP: 1/1
   182 | D:1      | Reached XP level 2. HP: 22/22 MP: 2/2
   563 | D:1      | Reached XP level 3. HP: 27/27 MP: 3/3
   946 | D:2      | Reached XP level 4. HP: 30/33 MP: 4/4
  1593 | D:3      | Reached skill level 1 in Armour
  1860 | D:3      | Reached XP level 5. HP: 19/38 MP: 5/5
  2030 | D:3      | Reached XP level 6. HP: 24/44 MP: 6/6
  2427 | D:4      | Reached skill level 5 in Long Blades
  2548 | D:4      | Noticed Dowan
  2549 | D:4      | Noticed Duvessa
  2576 | D:4      | Killed Duvessa
  2577 | D:4      | Reached skill level 5 in Dodging
  2589 | D:4      | Killed from afar by Dowan

Illustrated notes

Levels and vault maps discovered:
D:1:      amcnicky_arrival_wind_blow, layout_loops_ring,
          minmay_misc_feat_hallway, minmay_hexomino_f4
D:2:      layout_loops_cross, serial_forest, infiniplex_forest_clump_diagonal,
          infiniplex_forest_lined_4_way, infiniplex_forest_straight_4,
          infiniplex_forest_clump_small, infiniplex_forest_clump_small,
          infiniplex_forest_straight_2
D:3:      layout_basic, roderic_roman_lattice, st_stairs_11
D:4:      layout_basic, uniq_duvessa, uniq_menkaure

Skill      XL: |  1  2  3  4  5  6 |
---------------+-------------------+-----
Fighting       | 2 |  2.1
Throwing       | 2 |  2.0
Dodging        | 4 5 |  5.1
Armour         | 1 2 |  2.4
Long Blades    | 4 5 |  5.6

Action                   |  1- 3 |  4- 6 || total
-------------------------+-------+-------++-------
Melee: Long sword        |    75 |   142 ||   217
       Bite              |    11 |    17 ||    28
  Use: Scroll            |       |     5 ||     5
       Potion            |       |     2 ||     2
Armor: Ring mail         |    38 |    48 ||    86
       Leather armour    |     2 |       ||     2
Dodge: Dodged            |    87 |   162 ||   249
       Rpst.: Long sword |    30 |    44 ||    74

Table legend: (Time is in decaauts)
 A = Elapsed time spent in this place.
 B = Non-inter-level travel time spent in this place.
 C = Inter-level travel time spent in this place.
 D = Time resting spent in this place.
 E = Time spent auto-exploring this place.
 F = Levels seen in this place.
 G = Mean time per level.
                   A        B        C        D        E       F      G
               +--------+--------+--------+--------+--------+-----+--------+
         Total |   2628 |   2547 |     81 |    134 |   1873 |   4 |  657.0 |
       Dungeon |   2628 |   2547 |     81 |    134 |   1873 |   4 |  657.0 |
               +--------+--------+--------+--------+--------+-----+--------+

Top non-repeatable levels by time:
     D:3: 928 daAuts
     D:2: 801 daAuts
     D:1: 725 daAuts
     D:4: 172 daAuts
